 Dungeon Sprint DCSS version 0.22-a0-570-g58866f5 (webtiles) character file.

9 emperorscorpion the Sneak (level 2, -3/25 HPs)
             Began as an Octopode Air Elementalist on June 30, 2018.
             Slain by an ice beast (10 damage)
             ... in the Dungeon (Sprint IX: "|||||||||||||||||||||||||||||").
             The game lasted 00:00:29 (66 turns).

emperorscorpion the Sneak (Octopode Air Elementalist) Turns: 66, Time: 00:00:30

Health: -3/25      AC:  1    Str: 12    XL:     2   Next: 16%
Magic:  1/5        EV: 13    Int: 17    God:
Gold:   0          SH:  0    Dex: 12    Spells: 5/6 levels left

rFire    . . .     SeeInvis .   (no weapon)
rCold    . . .     Gourm    .   (no shield)
rNeg     . . .     Faith    .   (helmet restricted)
rPois    .         Spirit   .   (no amulet)
rElec    .         Reflect  .   (no ring)
rCorr    .         Harm     .   (no ring)
MR       .....     NoTele   +   (no ring)
Stlth    ..........             (no ring)
HPRegen  0.08/turn              (no ring)
MPRegen  0.09/turn              (no ring)
                                (no ring)
                                (no ring)

@: berserking (expiring), very slightly contaminated, very quick
A: almost no armour, stealthy swim, amphibious, 8 rings, constrict 8, camouflage
1, gelatinous body 1
a: no special abilities


You were in the Dungeon.
You were not hungry.

You visited 1 branch

Inventory:

Scrolls
 h - a scroll of blinking
Potions
 c - a potion of curing
 d - a potion of heal wounds
 e - a potion of haste
 f - 2 potions of magic
Comestibles
 a - 5 chunks of flesh
 b - a ration


   Skills:
 + Level 2.2 Dodging
 + Level 3.9 Stealth
 * Level 2.9 Spellcasting
 + Level 1.1 Conjurations
 + Level 3.8 Air Magic


You had 5 spell levels left.
You knew the following spells:

 Your Spells              Type           Power        Failure   Level  Hunger
a - Shock                 Conj/Air       ##..         6%          1    None

Your spell library contained the following spells:

 Spells                   Type           Power        Failure   Level  Hunger
 Lightning Bolt           Conj/Air       ##........   87%         5    ######.
 Swiftness                Chrm/Air       #.......     12%         2    ##.....
 Airstrike                Air            ###.......   34%         4    ####...
 Static Discharge         Conj/Air       ##......     19%         3    ###....


Dungeon Overview and Level Annotations

Branches:
Dungeon (1/1)

Altars:


Innate Abilities, Weirdness & Mutations

You cannot wear most types of armour.
You are very stealthy in the water. (Stealth+)
You are amphibious.
You can wear up to eight rings at the same time.
You can use your tentacles to constrict eight enemies at once.
Your skin changes colour to match your surroundings (Stealth+).
Your rubbery body absorbs attacks. (AC +1, EV +1)


Message History

You closely miss the ice beast.
The ice beast is lightly wounded.
The howler monkey hoots and howls with incredible vigour!
The ice beast barely misses you.
You tentacle-slap the ice beast.
The ice beast is moderately wounded.
You closely miss the ice beast. You squeeze the ice beast.
The ice beast is heavily wounded.
The ice beast closely misses you.
You tentacle-slap the ice beast.
The ice beast is heavily wounded.
The ice beast hits you. The ice beast freezes you!
You tentacle-slap the ice beast.
The ice beast is severely wounded.
You closely miss the ice beast.
The ice beast is severely wounded.
The ice beast hits you.
* * * LOW HITPOINT WARNING * * *
The ice beast freezes you!
You die...

▓<▓
▓.▓
▓.▓
▓.▓
▓'▓
▓)▓
▓.▓
▓.▓
▓@▓
▓Y▓
▓S▓
▓r▓
▓h▓
▓.▓
▓.▓
▓.▓
▓+▓


You could see an ice beast, a howler monkey, an adder and a quokka.

Vanquished Creatures
  An adder zombie (D)
  A bat (D)
  A goblin (D)
  A hobgoblin (D)
  A frilled lizard (D)
  A rat (D)
6 creatures vanquished.

Vanquished Creatures (others)
  A spatial maelstrom (D)
1 creature vanquished.

Grand Total: 7 creatures vanquished

Notes
Turn   | Place    | Note
-------+----------+-------------------------------------------
     0 | D        | emperorscorpion the Octopode Air Elementalist began the quest for the Orb.
     0 | D        | Reached XP level 1. HP: 11/11 MP: 3/3
     3 | D        | Banished a spatial maelstrom
    50 | D        | Noticed an ice beast
    50 | D        | Noticed a howler monkey
    59 | D        | Reached XP level 2. HP: 16/17 MP: 0/5
    66 | D        | Slain by an ice beast

Vault maps used:
D:        linesprint

Skill      XL: |  1 |
---------------+----+-----
Stealth        | 3 |  3.9
Dodging        | |  2.2
Spellcasting   | |  2.9
Conjurations   | |  1.1
Air Magic      | |  3.8

Action                   || total
-------------------------++-------
Melee: Unarmed           ||    10
       Constrict         ||     2
       Tentacles         ||     2
 Cast: Shock             ||     6
  Use: Potion            ||     1
Armor: Skin              ||     1
Dodge: Dodged            ||     9

Table legend:
 A = Spawn XP
 B = Non-spawn XP
 C = Spawn XP percentage of total XP
 D = Spawn monster count
 E = Non-spawn monster count
 F = Spawn count percentage of total count
 G = Total turns spent on level
                    A         B        C        D         E        F      G
               +---------+---------+-------+---------+---------+-------+---------
         Total |       0 |      14 |   0.0 |       0 |       6 |   0.0 |    66
               +---------+---------+-------+---------+---------+-------+---------
             D |       0 |      14 |   0.0 |       0 |       6 |   0.0 |    66
               +---------+---------+-------+---------+---------+-------+---------
